 Dungeon Sprint DCSS version 0.26-a0-958-gf3041fb45f (webtiles) character file.

Game seed: 1554689664331994921

2062 iamoutofideas the Eclecticist (level 9, -5/45 HPs)
             Began as a Deep Elf Fire Elementalist on Nov 30, 2020.
             Was a Priest of Vehumet.
             Slain by a two-headed ogre
             ... wielding a +0 giant club
              (18 damage)
             ... in the Dungeon (Sprint III: "The Ten Rune Challenge").
             The game lasted 00:04:11 (1408 turns).

iamoutofideas the Eclecticist (DEFE)                Turns: 1408, Time: 00:04:12

Health: -5/45      AC:  4    Str:  3 (5)  XL:     9   Next: 5%
Magic:  11/34      EV:  7    Int: 23 (24) God:    Vehumet [***...]
Gold:   54         SH:  0    Dex: 12 (15) Spells: 19/41 levels left

rFire    . . .     SeeInvis .   (no weapon)
rCold    . . .     Faith    .   (no shield)
rNeg     . . .     Spirit   .   a - +0 robe
rPois    .         Reflect  .   (no helmet)
rElec    .         Harm     .   (no cloak)
rCorr    .         Rampage  .   (no gloves)
MR       .....     NoTele   +   (no boots)
Stlth    +.........             (no amulet)
HPRegen  0.15/turn              (no ring)
MPRegen  0.24/turn              (no ring)

@: confused, lethally poisoned (-5 -> -35), held
A: icy blue scales 1, deterioration 1, high mp 1
a: Renounce Religion


You were in the Dungeon.
You worshipped Vehumet.
Vehumet was most pleased with you.
You visited 1 branch You collected 54 gold pieces.

Inventory:

Armour
 a - a +0 robe (worn)
Scrolls
 c - a scroll of holy word {unknown}
 d - 3 scrolls of identify
 h - a scroll of blinking
 i - 3 scrolls of remove curse
 k - a scroll of torment {unknown}
Potions
 b - 2 potions of mutation
 e - a potion of haste
 f - a potion of magic
 g - a potion of berserk rage
 l - 2 potions of heal wounds
 m - 2 potions of flight
 n - a potion of might
Miscellaneous
 o - a box of beasts


   Skills:
 - Level 3.1 Dodging
 - Level 3.0 Stealth
 * Level 16.6 Spellcasting
 + Level 11.4 Conjurations
 + Level 12.3 Fire Magic


You had 19 spell levels left.
You knew the following spells:

 Your Spells              Type           Power        Failure   Level
a - Foxfire               Conj/Fire      ####         0%          1
b - Conjure Flame         Conj/Fire      ######..     1%          3
c - Sticky Flame          Conj/Fire      ######..     1%          4
d - Fireball              Conj/Fire      ######....   1%          5
e - Mephitic Cloud        Conj/Pois/Air  #####...     1%          3
f - Call Imp              Summ           ###.....     4%          2
g - Blink                 Tloc           N/A          4%          2
h - Slow                  Hex            ###.....     4%          2

Your spell library contained the following spells:

 Spells                   Type           Power        Failure   Level
 Stone Arrow              Conj/Erth      #####.       1%          3
 Magic Dart               Conj           ####         1%          1
 Inner Flame              Hex/Fire       #####...     1%          3


Dungeon Overview and Level Annotations

Branches:
Dungeon (1/1)

Altars:
Cheibriados
Dithmenos
Elyvilon
Fedhas
Gozag
Hepliaklqana
Kikubaaqudgha
Makhleb
Nemelex Xobeh
Okawaru
Qazlal
Ru
Sif Muna
Trog
Uskayaw
Vehumet
Wu Jian
Xom
Yredelemnul
Zin
The Shining One
Beogh
Jiyva
Lugonu

Annotations:
D Erolcha


Innate Abilities, Weirdness & Mutations

You are partially covered in icy blue scales. (AC +2)
Your body sometimes deteriorates upon taking damage.
You have an increased reservoir of magic. (+10% MP)


Message History

Confirm with . or Enter, or press ? or * to list all spells.
Aiming: Mephitic Cloud (safe; 1% risk of failure)
Press: ? - help, Shift-Dir - straight line, f/p - Erolcha
Aim: Erolcha, wielding a +0 giant club and wearing a +2 robe of resistance (heavily wounded, confused, extremely poisoned) That beam is likely to hit you.
Continue anyway?
The ball explodes into a vile cloud!
The stinking cloud engulfs the two-headed ogre but does no damage.
The two-headed ogre is severely wounded.
The stinking cloud engulfs you but does no damage.
The stinking cloud engulfs Erolcha but does no damage.
Erolcha is heavily wounded.
You are engulfed in noxious fumes.
You choke on the stench!
You are confused.
* * * LOW HITPOINT WARNING * * *
You feel very sick.
The two-headed ogre is engulfed in noxious fumes.
The two-headed ogre appears confused.
The two-headed ogre completely misses you.
The two-headed ogre hits you with a +0 giant club!!
You die...

#._# #'## .).# ...# ##'#
...#+##############
...#....#.#.#.....#
...##.#).#.##)###.#
...'##)#)#.##.#.@##
...#...#..#..##..O○...^.
▓▓▓▓▓▓▓▓▓▓▓▓▓▓▓▓▓#O..^^^
...... ...^^ ...^. ####


You could see a two-headed ogre (confused) and Erolcha (confused, extremely
poisoned).

Vanquished Creatures
  A deep elf mage (D)
  A shadow (D)
  2 redbacks (D)
  A spatial vortex (D)
  A necrophage (D)
  4 two-headed ogres (D)
  A water elemental (D)
  A scorpion (D)
  A jelly (D)
  A wizard (D)
  A necromancer (D)
  3 humans (D)
  A kobold demonologist (D)
  4 rats (D)
23 creatures vanquished.

Vanquished Creatures (others)
  80 foxfires (D)
80 creatures vanquished.

Grand Total: 103 creatures vanquished

Notes
Turn   | Place    | Note
-------+----------+-------------------------------------------
     0 | D        | iamoutofideas the Deep Elf Fire Elementalist began the
                  | quest for the Orb.
     0 | D        | Reached XP level 1. HP: 10/10 MP: 6/6
   157 | D        | Reached skill level 4 in Spellcasting
   157 | D        | Reached skill level 5 in Fire Magic
   157 | D        | Reached XP level 2. HP: 7/15 MP: 3/9
   325 | D        | Noticed a scorpion
   336 | D        | Killed a scorpion
   337 | D        | Reached skill level 6 in Spellcasting
   337 | D        | Reached XP level 3. HP: 11/19 MP: 1/12
   337 | D        | Reached XP level 4. HP: 14/24 MP: 1/14
   468 | D        | Gained mutation: You have an increased reservoir of magic.
                  | (+10% MP) [potion of mutation]
   468 | D        | Gained mutation: Your body sometimes deteriorates upon
                  | taking damage. [potion of mutation]
   468 | D        | Gained mutation: You are partially covered in icy blue
                  | scales. (AC +2) [potion of mutation]
   477 | D        | Noticed a water elemental
   482 | D        | Killed a water elemental
   483 | D        | Reached skill level 7 in Spellcasting
   483 | D        | Reached skill level 5 in Conjurations
   490 | D        | Learned a level 3 spell: Conjure Flame
   495 | D        | Learned a level 4 spell: Sticky Flame
   532 | D        | Found a basalt altar of Yredelemnul.
   532 | D        | Found a shadowy altar of Dithmenos.
   532 | D        | Found a sacrificial altar of Ru.
   532 | D        | Noticed a necrophage
   540 | D        | Reached skill level 8 in Spellcasting
   540 | D        | Reached XP level 5. HP: 28/28 MP: 13/19
   541 | D        | Killed a necrophage
   542 | D        | Reached skill level 9 in Spellcasting
   621 | D        | Found a radiant altar of Vehumet.
   621 | D        | Found a shimmering blue altar of Sif Muna.
   621 | D        | Found an ancient bone altar of Kikubaaqudgha.
   629 | D        | Learned a level 5 spell: Fireball
   635 | D        | Reached XP level 6. HP: 31/32 MP: 9/22
   644 | D        | Learned a level 3 spell: Mephitic Cloud
   647 | D        | Learned a level 2 spell: Call Imp
   650 | D        | Learned a level 2 spell: Blink
   711 | D        | Became a worshipper of Vehumet
   770 | D        | Found a hide-covered altar of Uskayaw.
   770 | D        | Found a roughly hewn altar of Beogh.
   770 | D        | Found an iron altar of Okawaru.
   770 | D        | Found a bloodstained altar of Trog.
   770 | D        | Found an ornate altar of the Wu Jian Council.
   770 | D        | Noticed a human
   771 | D        | Noticed a human
   773 | D        | Killed a human
   774 | D        | Reached skill level 11 in Spellcasting
   776 | D        | Killed a human
   777 | D        | Reached skill level 12 in Spellcasting
   777 | D        | Reached skill level 10 in Fire Magic
   777 | D        | Reached XP level 7. HP: 36/36 MP: 0/27
   917 | D        | Found a glowing silver altar of Zin.
   917 | D        | Found a glowing golden altar of the Shining One.
   917 | D        | Found a white marble altar of Elyvilon.
   919 | D        | Killed a deep elf mage
   919 | D        | Reached * piety under Vehumet
   919 | D        | Offered knowledge of Shock by Vehumet.
   920 | D        | Reached skill level 14 in Spellcasting
   920 | D        | Reached skill level 10 in Conjurations
   985 | D        | Noticed a shadow
   987 | D        | Killed a shadow
   988 | D        | Reached XP level 8. HP: 37/41 MP: 24/31
  1028 | D        | Learned a level 2 spell: Slow
  1028 | D        | Found a blossoming altar of Fedhas.
  1028 | D        | Found a stormy altar of Qazlal.
  1028 | D        | Found a snail-covered altar of Cheibriados.
  1028 | D        | Found a burning altar of Makhleb.
  1028 | D        | Found a shimmering altar of Xom.
  1041 | D        | Found a hazy altar of Hepliaklqana.
  1041 | D        | Found an opulent altar of Gozag.
  1041 | D        | Found a sparkling altar of Nemelex Xobeh.
  1041 | D        | Found a corrupted altar of Lugonu.
  1041 | D        | Found a viscous altar of Jiyva.
  1056 | D        | Reached ** piety under Vehumet
  1056 | D        | Offered knowledge of Freeze by Vehumet.
  1057 | D        | Reached skill level 15 in Spellcasting
  1212 | D        | Offered knowledge of Ignite Poison by Vehumet.
  1303 | D        | Noticed a two-headed ogre
  1308 | D        | Killed a two-headed ogre
  1308 | D        | Reached *** piety under Vehumet
  1309 | D        | Reached skill level 16 in Spellcasting
  1401 | D        | Noticed Erolcha
  1405 | D        | Noticed a two-headed ogre
  1405 | D        | Offered knowledge of Stone Arrow by Vehumet.
  1406 | D        | Reached XP level 9. HP: 22/45 MP: 23/34
  1408 | D        | Slain by a two-headed ogre

Illustrated notes

Levels and vault maps discovered:
D:        dungeon_sprint_mu [sprint_mu_entry_cave, sprint_mu_temple_rooms,
          sprint_mu_d1_spiders, sprint_mu_d2_genie, sprint_mu_d3_branching,
          sprint_mu_orc_legion, sprint_mu_elf_gauntlet, sprint_mu_hive_nellie,
          sprint_mu_lair_fedhas, sprint_mu_vaults_butterflies,
          sprint_mu_slime_circle, sprint_mu_swamp_cave, sprint_mu_snake_twists,
          sprint_mu_blade_basic, sprint_mu_crypt_fortress,
          sprint_mu_tomb_spiral, sprint_mu_vestibule_basic,
          sprint_mu_gehenna_hellfire, sprint_mu_dis_giant,
          sprint_mu_tartarus_statrot, sprint_mu_cocytus_islands, sprint_mu_zot1]

Skill      XL: |  1  2  3  4  5  6  7  8 |
---------------+-------------------------+-----
Fire Magic     | 5 6 7 9 10 11 12 | 12.3
Dodging        | 3 |  3.1
Stealth        | 3 |  3.0
Spellcasting   | 4 6 8 9 12 14 16 | 16.6
Conjurations   | 2 4 5 7 8 10 11 | 11.4

Action                   |  1- 3 |  4- 6 |  7- 9 || total
-------------------------+-------+-------+-------++-------
 Cast: Foxfire           |    31 |    12 |    16 ||    59
       Sticky Flame      |       |     3 |     1 ||     4
       Fireball          |       |     4 |    19 ||    23
       Mephitic Cloud    |       |     1 |     4 ||     5
  Use: Potion            |     3 |     1 |     1 ||     5
Armor: Robe              |     1 |     4 |       ||     5
Dodge: Dodged            |     9 |     2 |     1 ||    12

Table legend: (Time is in decaauts)
 A = Elapsed time spent in this place.
 B = Non-inter-level travel time spent in this place.
 C = Inter-level travel time spent in this place.
 D = Time resting spent in this place.
 E = Time spent auto-exploring this place.
 F = Levels seen in this place.
 G = Mean time per level.
                   A        B        C        D        E       F      G
               +--------+--------+--------+--------+--------+-----+--------+
         Total |   1408 |   1406 |      2 |    930 |    164 |   1 | 1408.0 |
       Dungeon |   1408 |   1406 |      2 |    930 |    164 |   1 | 1408.0 |
               +--------+--------+--------+--------+--------+-----+--------+

Top non-repeatable levels by time:
       D: 1408 daAuts
